 Dungeon Sprint DCSS version 0.19.4-9-g45fd643 (webtiles) character file.

63 equalderp2856 the Scratcher (level 3, -6/18 HPs)
             Began as a Felid Fighter on Feb 19, 2017.
             Mangled by a water elemental (20 damage)
             ... in the Dungeon (Sprint III: "The Ten Rune Challenge").
             The game lasted 00:01:16 (394 turns).

equalderp2856 the Scratcher (Felid Fighter)          Turns: 394, Time: 00:01:16

Health: -6/18      AC:  1    Str: 13    XL:     3   Next: 87%
Magic:  4/4        EV: 21    Int:  9    God:
Gold:   41         SH:  0    Dex: 15    Spells: 0 memorised, 2 levels left
                                        Lives:  0   Deaths: 0

rFire  . . .     SeeInvis +       - Unarmed
rCold  . . .     Gourm    .     (armour unavailable)
rNeg   . . .     Faith    .     (shield unavailable)
rPois  .         Spirit   .     (helmet unavailable)
rElec  .         Reflect  .     (cloak unavailable)
rCorr  .         Harm     .     (gloves unavailable)
MR     .....     NoTele   +     (boots unavailable)
Stlth  ++........               (no amulet)
                                (no ring)
                                (no ring)

@: quick
A: no armour, no weapons or thrown items, stealth, claws 1, fangs 3, see
invisible, carnivore 3, speed 1, shaggy fur 1, slow metabolism 1, sharp paws
a: no special abilities


You were in the Dungeon.
You were not hungry.

You visited 1 branch You collected 41 gold pieces.

Inventory:

Scrolls
 h - a scroll of blinking
 j - a scroll of immolation {unknown}
 k - a scroll of amnesia {unknown}
 l - 3 scrolls of recharging {unknown}
 n - a scroll of holy word {unknown}
 o - a scroll of identify {unknown}
 p - a scroll of remove curse {unknown}
Potions
 a - a potion of might
 c - 2 potions of curing
 d - a potion of heal wounds
 e - a potion of haste
 f - 2 potions of magic
 g - a potion of berserk rage
 i - 2 potions of mutation {unknown}
 m - 3 potions of cure mutation
 q - a potion of flight {unknown}
Comestibles
 b - a meat ration


   Skills:
 + Level 4.3 Fighting
 + Level 5.8 Dodging
 + Level 1.7 Stealth
 + Level 7.2 Unarmed Combat


You had 2 spell levels left.
You didn't know any spells.

Dungeon Overview and Level Annotations

Branches:
Dungeon (1/1)

Altars:


Innate Abilities, Weirdness & Mutations

You cannot wear armour.
You are incapable of wielding weapons or throwing items.
Your paws allow you to move quietly. (Stealth)
You have sharp claws.
You have razor-sharp teeth.
You have supernaturally acute eyesight. (SInv)
You are carnivorous and can eat meat at any time.
You cover ground quickly.
You are covered in fur. (AC +1)
You have a slow metabolism.
Your sharp claws are effective at attacking unaware monsters.


Message History

You scratch the water elemental.
The water elemental is lightly damaged.
The water elemental closely misses you.
You scratch the water elemental.
The water elemental is lightly damaged.
The water elemental completely misses you.
You scratch the water elemental.
The water elemental is moderately damaged.
The water elemental hits you.
The water elemental engulfs you in water!
With effort, you pull free of the water engulfing you.
You gasp with relief as air once again reaches your lungs.
You completely miss the water elemental.
The water elemental is moderately damaged.
The water elemental closely misses you.
You scratch the water elemental but do no damage.
The water elemental is moderately damaged.
The water elemental hits you!!
Ouch! That really hurt!
You die...

▓▓▓▓▓▓▓▓▓ ▓▓▓
▓<..#)..#### ##.#
▓...#......#####..#
▓..##....)..#%%#..#
▓##.##.##...#..#..# #+#+#
##.##.###..##'#..#......
▓#.####.##..###.@E'.⌠....
▓.###..##..####...#...###
▓#.....##..###....# ⌠.#
###..##...##.....# .#
##..##....#†.....# #
#..###..##.#.....# #..#
#..#####....# ▓▓▓▓ ▓▓▓▓
▓▓▓▓▓▓


You could see a water elemental.

Vanquished Creatures
  Jessica (D)
  A human (D)
  A wolf (D)
  An ooze (D)
  A rat (D)
5 creatures vanquished.

Vanquished Creatures (others)
  2 draconian scorchers (D)
  6 hellions (D)
  A yaktaur (D)
9 creatures vanquished.

Grand Total: 14 creatures vanquished

Notes
Turn   | Place    | Note
-------+----------+-------------------------------------------
     0 | D        | equalderp2856 the Felid Fighter began the quest for the Orb.
     0 | D        | Reached XP level 1. HP: 10/10 MP: 2/2
    31 | D        | Noticed Jessica
    44 | D        | Killed Jessica
    44 | D        | Reached skill level 5 in Dodging
    44 | D        | Reached skill level 1 in Stealth
    44 | D        | Reached skill level 6 in Unarmed Combat
    44 | D        | Reached XP level 2. HP: 7/15 MP: 3/3
    44 | D        | Reached XP level 3. HP: 9/18 MP: 4/4
    98 | D        | Killed a yaktaur
   100 | D        | Killed a hellion
   102 | D        | Killed a hellion
   127 | D        | Killed a hellion
   141 | D        | Killed a hellion
   193 | D        | Reached skill level 7 in Unarmed Combat
   231 | D        | Killed a hellion
   258 | D        | Killed a hellion
   260 | D        | Killed a white draconian scorcher
   263 | D        | Killed a white draconian scorcher
   361 | D        | Noticed a water elemental
   394 | D        | Mangled by a water elemental

Skill      XL: |  1  2  3 |
---------------+----------+-----
Fighting       | 4 |  4.3
Dodging        | 5 |  5.8
Stealth        | 1 |  1.7
Unarmed Combat | 6 7 |  7.2

Action                   || total
-------------------------++-------
Melee: Unarmed           ||    30
       Punch             ||     1
       Bite              ||     1
 Stab: Sleeping          ||     1
Armor: Skin              ||     1
Dodge: Dodged            ||    19
